 Dungeon Crawl Stone Soup version 0.18-a0-1088-g34ef3a2 (webtiles) character file.

4 4thArraOfDagon the Stinger (level 1, -1/13 HPs)
             Began as a Mummy Venom Mage on Jan 15, 2016.
             Slain by a hobgoblin
             ... wielding a +0 club
              (6 damage)
             ... on level 1 of the Dungeon.
             The game lasted 00:01:21 (158 turns).

4thArraOfDagon the Stinger (Mummy Venom Mage)        Turns: 158, Time: 00:01:21

Health: -1/13      AC:  2    Str: 11    XL:     1   Next: 58%
Magic:  0/3        EV: 12    Int: 14    God:
Gold:   11         SH:  0    Dex: 12    Spells: 1 memorised, 3 levels left

rFire  x . .     SeeInvis .     c - +0 spear
rCold  + . .     Gourm    .     a - +0 robe
rNeg   + + +     Faith    .     (no shield)
rPois  ∞         Spirit   .     (no helmet)
rElec  .         Dismiss  .     (no cloak)
rCorr  .         Reflect  .     (no gloves)
SustAt .         Harm     .     (no boots)
MR     .....                    (no amulet)
Stlth  ++........               (no ring)
                                (no ring)

@: very slightly contaminated, not resistant to hostile enchantments, unstealthy
A: no food or potions, fire vulnerability, cold resistance 1, negative energy
resistance 3, torment resistance, unbreathing
a: no special abilities


You were on level 1 of the Dungeon.
You were not hungry.

You visited 1 branch of the dungeon, and saw 2 of its levels.

You collected 11 gold pieces.

Inventory:

Hand Weapons
 c - a +0 spear (weapon)
Missiles
 d - 3 curare-tipped needles
Armour
 a - a +0 robe (worn)
Scrolls
 e - a scroll of noise {unknown}
Books
 b - a Young Poisoner's Handbook

   Spells                             Type                      Level
   a - Sting                          Conjuration/Poison           1
   b - Cure Poison                    Poison                       2
   c - Mephitic Cloud                 Conjuration/Poison/Air       3
   d - Olgreb's Toxic Radiance        Poison                       4
   e - Venom Bolt                     Conjuration/Poison           5


   Skills:
 - Level 1.5 Dodging
 - Level 1.5 Stealth
 - Level 2.0 Spellcasting
 * Level 1.0 Conjurations
 - Level 3.2 Poison Magic


You had 3 spell levels left.
You knew the following spells:

 Your Spells              Type           Power        Failure   Level  Hunger
a - Sting                 Conj/Pois      #...         12%         1    N/A

Dungeon Overview and Level Annotations

Branches:
Dungeon (2/15)

Altars:


Innate Abilities, Weirdness & Mutations

You do not eat or drink.
Your flesh is vulnerable to fire.
You are immune to poison.
Your flesh is cold resistant.
You are immune to negative energy.
You are immune to unholy pain and torment.
You can survive without breathing.


Message History

Confirm with . or Enter, or press ? or * to list all spells.
Aiming: Sting
Press: ? - help, Shift-Dir - straight line, f/p - hobgoblin
Aim: a hobgoblin, wielding a club (heavily wounded)
The sting hits the hobgoblin.
The hobgoblin appears unharmed.
The hobgoblin is heavily wounded.
The hobgoblin hits you but does no damage.
You see here a giant gecko corpse.
Unknown command.
Unknown command.
You see here a short sword.
Casting: Sting
Confirm with . or Enter, or press ? or * to list all spells.
Aiming: Sting
Press: ? - help, Shift-Dir - straight line, f/p - hobgoblin
Aim: a hobgoblin, wielding a club You miscast Sting.
You are very lightly contaminated with residual magic.
Nothing appears to happen.
The hobgoblin hits you with a club.
You die...

.........(. ........# .#
#.....# ......†.##.####
#.....#
.........#....####.....#
.......#.#.............#
###.####...............#
#....................####
###.....#..#######.........
#...............@g...#
#.#.......>....#####.#
..#............# #.# .
#...........†#####.#
###....#.........).#
#############><###
................
#..##......##..# ..........


You could see a hobgoblin.

Vanquished Creatures
  A giant gecko (D:1)
  A bat (D:1)
  A kobold (D:1)
3 creatures vanquished.

Notes
Turn   | Place    | Note
--------------------------------------------------------------
     0 | D:1      | 4thArraOfDagon the Mummy Venom Mage began the quest for the Orb.
     0 | D:1      | Reached XP level 1. HP: 13/13 MP: 3/3
    50 | D:2      | BLOAX: https://www.youtube.com/watch?v=G1n6mByG1sw
   134 | D:1      | Reached skill level 1 in Conjurations
   149 | D:1      | 4thArraOfDagon: do the pilardance
   149 | D:1      | 4thArraOfDagon: with me
   158 | D:1      | Slain by a hobgoblin

Vault maps used:
D:1:      dpeg_arrival_line_fractal, serial_bayou_lake_a
D:2:      uniq_terence, uniq_robin, uniq_jessica

Action                   || total
-------------------------++-------
Melee: Spear             ||     2
 Cast: Sting             ||    10
